 Dungeon Crawl Stone Soup version 0.27.1-1-g398f81649c (webtiles) character file.

Game seed: 5101021847003404200

2 Elvor the Sneak (level 1, -1/14 HPs)
             Began as a Gargoyle Delver on Sept 20, 2021.
             Killed from afar by Blork the orc (4 damage)
             ... with a magic dart
             ... on level 4 of the Dungeon.
             The game lasted 00:01:31 (212 turns).

Elvor the Sneak (Gargoyle Delver)                    Turns: 212, Time: 00:01:31

Health: -1/14      AC:  5    Str: 15    XL:     1   Next: 30%
Magic:  1/1        EV: 11    Int: 10    God:
Gold:   21         SH:  0    Dex: 11    Spells: 0/0 levels left

rFire    . . .     SeeInvis .   a - +0 mace
rCold    . . .     Faith    .   (no shield)
rNeg     + . .     Spirit   .   b - +0 leather armour
rPois    ∞         Reflect  .   (no helmet)
rElec    +         Harm     .   (no cloak)
rCorr    .         Rampage  .   (no gloves)
Will     .....                  (no boots)
Stlth    +++.......             (no amulet)
HPRegen  0.04/turn              (no ring)
MPRegen  0.07/turn              (no ring)

@: no status effects
A: sickness immunity, AC +2, negative energy resistance 1, electricity
resistance, torment resistance 1, petrification resistance
a: no special abilities


You were on level 4 of the Dungeon.
You visited 1 branch of the dungeon, and saw 2 of its levels.

You collected 21 gold pieces.

Inventory:

Hand Weapons
 a - a +0 mace (weapon)
Armour
 b - a +0 leather armour (worn)
 h - the +5 ring mail of Otef {-Tele Harm Int+9 Dex-2}
   (You found it on level 4 of the Dungeon)

   Int:       It affects your intelligence (+9).
   Dex:       It affects your dexterity (-2).
   -Tele:     It prevents most forms of teleportation.
   Harm:      It increases damage dealt and taken.
Wands
 g - a wand of digging (3)
Scrolls
 c - a scroll of fog
 d - a scroll of magic mapping
 e - a scroll of fear
Potions
 f - a potion of haste


   Skills:
 + Level 3.3 Fighting
 + Level 2.0 Maces & Flails
 + Level 1.5 Dodging
 + Level 5.5 Stealth


You couldn't memorise any spells.
You didn't know any spells.
Your spell library was empty.

Dungeon Overview and Level Annotations

Branches:
Dungeon (5/15)
 Temple: D:4-7

Altars:

Annotations:
D:4 Blork the orc, Eustachio
D:5 Ijyb


Innate Abilities, Weirdness & Mutations

You are immune to sickness and miasma.
Your stone body is resilient. (AC +2)
You are immune to poison.
You resist negative energy. (rN+)
You are resistant to electric shocks. (rElec)
You are resistant to unholy torment.
You are immune to petrification.


Message History

There is a stone staircase leading up here.
Ijyb zaps a wand.
You turn into a filthy swine.
Your +0 mace melds into your body.
Your +0 leather armour melds into your body.
You climb upwards.
Found a stone staircase leading down.
There is a stone staircase leading down here.
You start resting.
Your transformation is almost over.
You start resting.
Your transformation has ended.
Your +0 mace unmelds from your body.
Your +0 leather armour unmelds from your body.
You start resting.
HP restored.
There is a stone staircase leading down here.
Found 10 gold pieces.
You now have 10 gold pieces.
Blork the orc comes into view.
He is wielding a +0 trident.
Blork the orc points at you and mumbles some strange words.
The puff of frost hits you.
You open the door.
Found 14 gold pieces.
Found a spiked ring mail, 13 sling bullets and 11 gold pieces.
There is an open door here.
Found 20 sling bullets.
You now have 21 gold pieces (gained 11).
Found 7 gold pieces.
Eustachio the Magnificent comes into view.
He is wielding a +0 rapier and wearing a +0 leather armour of fire resistance.
Found a robe.
Found 19 bolts.
You see here the +5 ring mail of Otef {-Tele Harm Int+9 Dex-2}.
h - the +5 ring mail of Otef {-Tele Harm Int+9 Dex-2} Blork the orc casts a spell at you.
The magic dart hits you!
Ouch! That really hurt!
* * * LOW HITPOINT WARNING * * *
Blork the orc points at you and mumbles some strange words.
The magic dart hits you.
You die...

#### #### ########## #..# #..#
#.............###.#####.#
#...(.........#>...>.##.###
#.............###.#####...####
#......#......#..............#
#....##.##....#.#.........##.#
#....#.(.#....#.#.#####.####.#
+...#$(#$.#...@.#.#####.# #.#
#....#...#....#......##.# #.#
#@...##.##o...###.##.##.# #o#
#[.....#......# #.##.##.# #.#
#.............# #.......# ##.#
#.............# ##.....## #..#
#.............# #.....# #.##
############### #.....# #.#
#.....# #..


You could see Blork the orc.

Vanquished Creatures
  An orc (D:5)
1 creature vanquished.

Notes
Turn   | Place    | Note
-------+----------+-------------------------------------------
     0 | D:5      | Elvor the Gargoyle Delver began the quest for the Orb.
     0 | D:5      | Reached XP level 1. HP: 14/14 MP: 1/1
    27 | D:5      | Noticed Ijyb
   158 | D:4      | Noticed Blork the orc
   198 | D:4      | Noticed Eustachio
   200 | D:4      | Identified the +5 ring mail of Otef {-Tele Harm Int+9
                  | Dex-2}
   212 | D:4      | Killed from afar by Blork the orc

Illustrated notes

Levels and vault maps discovered:
D:4:      layout_loops_cross, mainiacjoe_overflow_small_starburst,
          mainiacjoe_overflow_six_doors_small, ebering_ghost_sewer_d,
          kennysheep_generic_room_2, uniq_eustachio, uniq_blork_the_orc
D:5:      layout_loops_ring, nicolae_overflow_crystal_walls, st_stairs_2,
          uniq_grinder, uniq_ijyb

Action                   || total
-------------------------++-------
Melee: Mace              ||     3
Dodge: Dodged            ||     1
